 Dungeon Crawl Stone Soup version 0.28-a0-533-g9f97627e2a (webtiles) character file.

Game seed: 4748068521665880418

93188 shoop the Fighter (level 16, 93/93 HPs)
             Began as a Vine Stalker Cinder Acolyte on Sept 24, 2021.
             Was a Priest of Ignis.
             Quit the game on level 2 of the Orcish Mines on Sept 25, 2021.
             The game lasted 01:31:59 (27458 turns).

shoop the Fighter (Vine Stalker Cinder Acolyte)    Turns: 27458, Time: 01:32:00

Health: 93/93      AC: 12    Str: 20      XL:     16   Next: 8%
Magic:  26/26      EV: 17    Int: 17 (20) God:    Ignis [***...]
Gold:   2566       SH:  6    Dex: 20      Spells: 29/31 levels left

rFire   + + +      SeeInvis .   a - +11 hunting sling "Hioph" {venom, rN+ Int+3}
rCold   . . .      Faith    .   Z - +0 buckler "Hohaaxke" {Dex+4}
rNeg    + . .      Spirit   +   K - +0 swamp dragon scales
rPois   +          Reflect  .   A - +2 hat of the Cockatrice {Dex+3}
rElec   .          Harm     .   B - +1 cloak
rCorr   +          Rampage  .   c - +2 pair of gloves
Will    ++...                   (no boots)
Stlth   +++++.....              R - amulet of the acrobat
HPRegen 1.25/turn               W - ring of the Death Scarab {Drain rF+++ rCorr Str+6}
MPRegen 0.20/turn               D - +4 ring of slaying

@: no status effects
A: fangs 3, regeneration 1, magic shield, antimagic bite, no potion heal 2,
claws 1, deformed body, low mp 1, weak 2
a: Renounce Religion, Sea of Fire, Foxfire Swarm, Rising Flame


You were on level 2 of the Orcish Mines.
You worshipped Ignis.
Ignis was most pleased with you.
You visited 5 branches of the dungeon, and saw 26 of its levels.
You also visited: Gauntlet.

You collected 3035 gold pieces.
You spent 469 gold pieces at shops.

Inventory:

Hand Weapons
 a - the +11 hunting sling "Hioph" (weapon) {venom, rN+ Int+3}
   (You found it on level 4 of the Dungeon)

   Any ammunition fired from it poisons the flesh of those it strikes.
   Int:       It affects your intelligence (+3).
   rN:        It protects you from negative energy.
 k - a +2 short sword of electrocution
Missiles
 b - 141 sling bullets
 w - 350 stones (quivered ammo)
Armour
 c - a +2 pair of gloves (worn)
 A - the +2 hat of the Cockatrice (worn) {Dex+3}
   (You found it in a Gauntlet)

   Dex:       It affects your dexterity (+3).
 B - a +1 cloak (worn)
 K - +0 swamp dragon scales (worn)
 P - a scarf of invisibility
 Z - the +0 buckler "Hohaaxke" (worn) {Dex+4}
   (You found it in a Gauntlet)

   Dex:       It affects your dexterity (+4).
Jewellery
 q - a ring of resist corrosion
 D - a +4 ring of slaying (right hand)
 M - a +4 ring of protection
 R - an amulet of the acrobat (around neck)
 S - a ring of willpower
 V - the ring "Vianeen" {rF+ rN+}
   (You found it in a Gauntlet)

   [ring of protection from fire]

   rF:        It protects you from fire.
   rN:        It protects you from negative energy.
 W - the ring of the Death Scarab (left hand) {Drain rF+++ rCorr Str+6}
   (You found it in a Gauntlet)

   [ring of strength]

   Str:       It affects your strength (+6).
   rF:        It renders you almost immune to fire.
   rCorr:     It protects you from acid and corrosion.
   Drain:     It drains your maximum health when unequipped.
Wands
 i - a wand of acid (13)
 t - a wand of iceblast (34)
 v - a wand of polymorph (7)
 F - a wand of paralysis (22)
 I - a wand of flame (21)
 J - a wand of charming (9)
 O - a wand of mindburst (35)
Scrolls
 d - 4 scrolls of magic mapping {unknown}
 f - 2 scrolls of holy word
 g - 7 scrolls of teleportation
 j - 4 scrolls of fog {unknown}
 o - a scroll of acquirement
 p - 9 scrolls of fear
 r - 4 scrolls of torment {unknown}
 y - a scroll of immolation {unknown}
 E - 3 scrolls of vulnerability
 G - 4 scrolls of noise {unknown}
 H - 2 scrolls of silence
 Q - 2 scrolls of blinking
 X - a scroll of summoning {unknown}
Potions
 e - 3 potions of invisibility {unknown}
 l - 4 potions of resistance
 m - 2 potions of mutation
 n - a potion of berserk rage
 s - 4 potions of lignification
 u - a potion of flight
 x - 3 potions of might
 z - 2 potions of cancellation
 C - 2 potions of ambrosia
 L - 6 potions of curing
 N - 4 potions of haste {unknown}
 T - 7 potions of brilliance
 U - 5 potions of attraction
Miscellaneous
 h - a condenser vane (inert)
 Y - a phantom mirror


   Skills:
 + Level 14.0 Fighting
 - Level 4.2 Short Blades
 - Level 12.0 Slings
 - Level 6.0 Armour
 - Level 10.0 Dodging
 - Level 12.0 Stealth
 - Level 4.0 Shields
 - Level 8.0 Spellcasting
 - Level 3.7 Fire Magic
 - Level 7.0 Evocations


You had 29 spell levels left.
You knew the following spells:

 Your Spells              Type           Power      Damage    Failure   Level
a - Scorch                Fire           38%        2d7       5%          2

Your spell library contained the following spells:

 Spells                   Type           Power      Damage    Failure   Level
 Magic Dart               Conj           24%        1d4       16%         1
 Shock                    Conj/Air       24%        1d4       16%         1
 Sting                    Tmut/Pois      24%        1d4       16%         1
 Conjure Flame            Conj/Fire      13%        6-21      22%         3
 Ensorcelled Hibernation  Hex/Ice        12%        N/A       24%         2
 Poisonous Vapours        Pois/Air       12%        N/A       24%         2
 Searing Ray              Conj           12%        2d4       24%         2
 Static Discharge         Conj/Air       6%         N/A       24%         2
 Sublimation of Blood     Necr           3%         N/A       24%         2
 Wereblood                Tmut           6%         N/A       24%         2
 Ignite Poison            Fire/Tmut/Pois 11%        N/A       30%         3
 Gell's Gravitas          Tloc           3%         N/A       43%         3
 Ozocubu's Armour         Ice            6%         N/A       43%         3
 Teleport Other           Tloc           6%         N/A       43%         3
 Tukima's Dance           Hex            6%         N/A       43%         3
 Flame Wave               Conj/Fire      13%        3d5       58%         4
 Sticky Flame             Conj/Fire      13%        2d4       58%         4
 Animate Armour           Summ/Erth      12%        N/A       85%         4
 Dispel Undead            Necr           6%         3d8       85%         4
 Fulminant Prism          Conj/Hex       3%         3d6       85%         4
 Iskenderun's Mystic Bla  Conj/Tloc      6%         2d4       85%         4
 Olgreb's Toxic Radiance  Pois           6%         N/A       85%         4
 Summon Lightning Spire   Summ/Air       6%         N/A       85%         4
 Blade Hands              Tmut           3%         N/A       99%         5
 Manifold Assault         Tloc           6%         N/A       99%         5
 Summon Forest            Summ/Tloc      3%         N/A       99%         5
 Dispersal                Tloc           3%         N/A       100%        6
 Eringya's Noxious Bog    Tmut/Pois      3%         N/A       100%        6
 Iron Shot                Conj/Erth      3%         9d2       100%        6
 Summon Cactus Giant      Summ           3%         N/A       100%        6
 Ozocubu's Refrigeration  Ice            3%         4d5       100%        7
 Summon Hydra             Summ           3%         N/A       100%        7


Dungeon Overview and Level Annotations

Branches:
Dungeon (15/15)            Temple (0/1) D:7            Lair (6/6) D:8
  Swamp (0/4) Lair:3        Snake (2/4) Lair:2        Slime (0/5) Lair:6
    Orc (2/2) D:11            Elf (0/3) Orc:2        Vaults (0/5) D:13
 Depths (1/4) D:15        Gauntlet (visited)

Altars:
Ashenzari
Cheibriados
Elyvilon
Gozag
Hepliaklqana
Kikubaaqudgha
Makhleb
Nemelex Xobeh
Qazlal
Ru
Sif Muna
Trog
Uskayaw
Xom
Zin
The Shining One
Beogh
Jiyva

Shops:
D:2 *   D:10 !   Orc:1 :   Orc:2 [(=*

Annotations:
D:15 Roxanne
Orc:1 dolemite99's ghost, journeyman DsFi


Innate Abilities, Weirdness & Mutations

You have razor-sharp teeth.
Your natural rate of healing is unusually fast.
When hurt, damage is shared between your health and your magic reserves.
Your bite disrupts and absorbs the magic of your enemies.
Potions cannot restore your health.
You have sharp fingernails.
Armour fits poorly on your strangely shaped body.
Your magical capacity is low. (-10% MP)
You are very weak. (Str -4)


Message History

You shoot a stone. The stone hits the neqoxec!
You kill the neqoxec!
w - 350 stones (gained 1)
Your pack is full.
You see here the ring "Ycumpeir" {Will+ Str+7 Int+6}.
You now have 2549 gold pieces (gained 14).
Your pack is full.
You see here a metallic orange potion.
You see here +0 fire dragon scales.
You now have 2566 gold pieces (gained 17).
You see here +0 fire dragon scales.
Your pack is full.
You see here a metallic orange potion.
Your pack is full.
You see here the ring "Ycumpeir" {Will+ Str+7 Int+6}.
Could not pick up an item here; shall I ignore it? [Y]es or [N]o only, please.
Could not pick up an item here; shall I ignore it? [Y]es or [N]o only, please.
Could not pick up an item here; shall I ignore it?
Okay, then.
Unknown command.
Fire: 350 stones
Press: ? - help, Q - select action, (/) - cycle Shift-Dir - straight line, f - you
Okay, then.
Unknown command.
Drop what? 52/52 slots (_ for help) (? for menu, Esc to quit)
Okay, then.
Unknown command.
Something appears at your feet!
Unknown command.
Unknown command.
Unknown command.
Unknown command.
Your movement speed is average.
Your attack delay is about 0.6 (and cannot be improved with additional weapon skill).
Your base attributes are Str 18, Int 17, Dex 13.
Describe a (M)onster, (S)pell, s(K)ill, (A)bility, (C)ard, (I)tem, (F)eature, (G)od, (B)ranch, c(L)oud or s(T)atus?
Okay, then.
Are you sure you want to abandon this character and quit the game? (Confirm with "yes".)

.........##...##.#####........PP.
.....8....#.[.#......##........P.
.............##..#....##.........
...P....#....#.#...#...#.........
........#.))[#..#.##..##....#.##.
..#..........##.#...#.#©...####..
.##........[[.#[#...((##.### ##.
..#........[[©#!=.©#...#.# #..
.###.......[..#.@#...#.#.# ##.
####...[.....##.....#(##.# #####
............)#..#.#...#..####P...
.............#..#(#(..#.##....P..
........##...##...(...#.#........
....)..###..[)###.©.###.....P....
.....### ##.[.[.#####............
..)### #####......)..#........∩.
#.## ##..........##........8...


There were no monsters in sight!

Vanquished Creatures
  Asterion (Snake:2)
  Kirke (Lair:6)
  A fire giant (D:15)
  An orc warlord (Orc:2)
  Nessos (D:15)
  A minotaur (Gauntlet)
  Snorg (D:12)
  Josephine (D:12)
  A naga warrior (Snake:2)
  A vault guard (D:13)
  5 hydras
  2 boulder beetles
  Erica (D:8)
  An anaconda (Snake:1)
  2 centaur warriors
  2 tengu warriors (D:15)
  2 two-headed ogres
  2 orc high priests (Orc:2)
  A shock serpent (shapeshifter) (Gauntlet)
  2 naga sharpshooters
  2 shock serpents (Snake:1)
  Nergalle (D:11)
  A salamander mystic (Snake:1)
  A goliath frog (Lair:6)
  A naga ritualist (Snake:1)
  4 orc knights
  A wizard (D:13)
  A deep elf pyromancer (D:14)
  9 ugly things
  An oklob plant (Gauntlet)
  6 orc sorcerers
  11 cyclopes
  4 manticores
  4 mana vipers
  5 salamanders
  10 black mambas
  3 elephants (Gauntlet)
  A naga mage (Snake:1)
  2 torpor snails
  A cane toad (shapeshifter) (D:15)
  16 cane toads
  Maggie (D:7)
  Psyche (D:9)
  A rime drake (Lair:4)
  A gargoyle (D:13)
  A kobold demonologist (D:11)
  5 komodo dragons
  An efreet (D:15)
  A freezing wraith (D:15)
  6 yaktaurs
  A tengu conjurer (D:15)
  9 trolls
  A hornet (D:11)
  2 polar bears
  15 blink frogs
  3 tyrant leeches (Lair:6)
  16 slime creatures
  A snapping turtle (shapeshifter) (Gauntlet)
  A spriggan (shapeshifter) (D:13)
  Sigmund (D:2)
  6 wraiths
  4 vampires
  2 water elementals
  A shadow (D:9)
  A ynoxinul (D:8)
  A wyvern (Lair:4)
  A human (Lair:6)
  52 yaks
  6 vampire mosquitoes
  3 basilisks
  Menkaure (D:4)
  4 neqoxecs (Orc:2)
  4 wargs
  9 nagas
  6 acid dragons
  A floating eye (shapeshifter) (Gauntlet)
  15 water moccasins
  34 orc warriors
  An ice beast (D:7)
  A sky beast (D:7)
  A black bear (Lair:3)
  8 ogres
  27 wolves
  15 centaurs
  A phantom (D:2)
  3 kobold brigands
  19 bullfrogs
  3 scorpions
  A wyvern zombie (D:8)
  A gnoll sergeant (D:8)
  A wyvern skeleton (D:5)
  A water moccasin skeleton (D:5)
  11 killer bees (D:9)
  13 wights
  An electric eel (Lair:6)
  A howler monkey (D:8)
  A bullfrog zombie (D:5)
  2 quasits (Orc:2)
  The ghost of AlleluiaPinecone the Sneak, a weakling VSBr (D:3)
  2 jellies
  9 orc priests
  5 centaur zombies
  3 centaur skeletons
  2 hounds
  2 bullfrog skeletons
  2 gnoll shamans
  23 orc wizards
  3 iguanas
  Ijyb (D:3)
  10 gnolls
  A howler monkey zombie (D:9)
  14 adders
  A shadow imp (D:6)
  3 white imps
  5 worms
  2 dart slugs
  76 orcs
  7 endoplasms
  6 giant cockroaches
  8 goblins
  12 hobgoblins
  10 jackals
  8 ball pythons
  7 bats
  5 frilled lizards
  21 kobolds
  6 rats
  A butterfly (D:4)
702 creatures vanquished.

Vanquished Creatures (others)
  A vampire mosquito (Lair:6)
  3 humans
  A bullfrog (Lair:6)
  A bush (D:6)
  12 foxfires (D:15)
  26 fungi
  99 plants
143 creatures vanquished.

Grand Total: 845 creatures vanquished

Notes
Turn   | Place    | Note
-------+----------+-------------------------------------------
     0 | D:1      | shoop the Vine Stalker Cinder Acolyte began the quest for
                  | the Orb.
     0 | D:1      | Reached XP level 1. HP: 11/11 MP: 3/3
   247 | D:1      | Reached XP level 2. HP: 15/16 MP: 4/4
   309 | D:1      | Learned a level 2 spell: Scorch
   642 | D:1      | Reached skill level 3 in Fighting
   812 | D:1      | Found a faded altar of an unknown god.
   907 | D:1      | Reached XP level 3. HP: 20/20 MP: 5/5
  1477 | D:2      | Noticed a phantom
  1816 | D:2      | Gained mutation: Your natural rate of healing is unusually
                  | fast. [Vine Stalker growth]
  1816 | D:2      | Reached XP level 4. HP: 11/24 MP: 1/8
  2003 | D:2      | Reached skill level 1 in Stealth
  2088 | D:2      | Reached XP level 5. HP: 28/28 MP: 9/9
  2447 | D:3      | Noticed AlleluiaPinecone's ghost (weakling VSBr)
  2449 | D:3      | Found a runed translucent gate.
  2449 | D:3      | Found a runed translucent gate.
  2449 | D:3      | Found a runed translucent gate.
  2452 | D:3      | Noticed an orc warrior
  2586 | D:3      | Noticed Ijyb
  2598 | D:3      | Killed Ijyb
  3303 | D:4      | Found a glowing silver altar of Zin.
  3303 | D:4      | Found an opulent altar of Gozag.
  3418 | D:4      | Identified the +11 hunting sling "Hioph" {venom, rN+ Int+3}
  3692 | D:2      | Noticed Sigmund
  3903 | D:2      | Killed Sigmund
  3904 | D:2      | Reached XP level 6. HP: 32/32 MP: 10/10
  3929 | D:2      | Found Nacvup's Assorted Antiques.
  3967 | D:2      | Reached XP level 7. HP: 36/36 MP: 11/11
  4031 | D:2      | Bought a lumpy ruby potion for 26 gold pieces
  4031 | D:2      | Bought a scroll labelled EPSOUSEWYN for 29 gold pieces
  4031 | D:2      | Bought a scroll labelled ATENNIWUAME for 29 gold pieces
  4241 | D:4      | Noticed Menkaure
  4245 | D:4      | Killed Menkaure
  4291 | D:4      | Found a hide-covered altar of Uskayaw.
  4365 | D:4      | Found a hazy altar of Hepliaklqana.
  4563 | D:4      | Found a shimmering altar of Xom.
  4695 | D:5      | Entered Level 5 of the Dungeon
  4810 | D:5      | Reached skill level 5 in Slings
  5051 | D:5      | Gained mutation: You have razor-sharp teeth. [Vine Stalker
                  | growth]
  5051 | D:5      | Reached XP level 8. HP: 40/40 MP: 12/12
  5501 | D:6      | Found a white marble altar of Elyvilon.
  5598 | D:6      | Reached XP level 9. HP: 44/44 MP: 13/13
  5696 | D:6      | Found a snail-covered altar of Cheibriados.
  6164 | D:7      | Noticed Maggie
  6267 | D:3      | Reached skill level 10 in Slings
  6428 | D:3      | Killed AlleluiaPinecone's ghost
  6543 | D:7      | Killed Maggie
  6605 | D:7      | Found a runed translucent door.
  6793 | D:7      | You fall into a shaft and drop 1 floor!
  6799 | D:7      | Found a staircase to the Ecumenical Temple.
  6912 | D:7      | Reached skill level 1 in Armour
  7021 | D:7      | Reached skill level 1 in Dodging
  7347 | D:8      | Found a sparkling altar of Nemelex Xobeh.
  7372 | D:8      | Noticed Erica
  7403 | D:8      | Reached XP level 10. HP: 49/49 MP: 14/14
  7433 | D:8      | Found a bloodstained altar of Trog.
  7460 | D:8      | Found a shimmering blue altar of Sif Muna.
  7509 | D:8      | Got Sif Muna's Compendium of Conjuration
  7996 | D:8      | Found a staircase to the Lair.
  8394 | D:8      | Found a sacrificial altar of Ru.
  8805 | D:9      | Noticed Psyche
  8897 | D:9      | Reached skill level 1 in Evocations
  9137 | D:9      | Reached XP level 11. HP: 52/52 MP: 15/15
  9332 | D:9      | Found an ancient bone altar of Kikubaaqudgha.
  9813 | D:10     | Entered Level 10 of the Dungeon
  9813 | D:10     | Noticed a centaur warrior
  9817 | D:10     | Killed a centaur warrior
  9818 | D:10     | Reached skill level 4 in Fighting
  9872 | D:10     | Found a glowing golden altar of the Shining One.
  9902 | D:10     | Noticed a two-headed ogre
  9906 | D:10     | Killed a two-headed ogre
  9907 | D:10     | Reached skill level 5 in Stealth
  9919 | D:10     | Found Routuip's Distillery.
  9970 | D:10     | Reached skill level 5 in Dodging
 10343 | D:10     | Found a burning altar of Makhleb.
 10490 | D:11     | Noticed Snorg
 10635 | D:11     | Found a gate leading to a gauntlet.
 10636 | D:11     | Noticed a manticore
 10642 | D:11     | Killed a manticore
 10715 | D:10     | Bought a potion of degeneration for 14 gold pieces
 10715 | D:10     | Bought a potion of brilliance for 56 gold pieces
 10715 | D:10     | Bought a potion of lignification for 42 gold pieces
 10715 | D:10     | Bought a potion of resistance for 140 gold pieces
 10715 | D:10     | Bought a potion of curing for 42 gold pieces
 10715 | D:10     | Bought a potion of attraction for 42 gold pieces
 10741 | Gauntlet | Entered a Gauntlet
 10741 | Gauntlet | Found a transporter.
 10744 | Gauntlet | Found a transporter.
 10746 | Gauntlet | Found a transporter.
 10766 | Gauntlet | Found a transporter.
 10767 | Gauntlet | Found a transporter.
 10779 | Gauntlet | Found a transporter.
 10791 | Gauntlet | Noticed a catoblepas
 10792 | Gauntlet | Found a transporter.
 10796 | Gauntlet | Found a transporter.
 10813 | Gauntlet | Noticed an orb spider
 10814 | Gauntlet | Noticed a harpy
 10816 | Gauntlet | Found a transporter.
 10820 | Gauntlet | Found a transporter.
 10833 | Gauntlet | an orb spider changed into a yaktaur
 10852 | Gauntlet | Found a runed translucent door.
 10853 | Gauntlet | Found a transporter.
 10854 | Gauntlet | Found a runed translucent door.
 10857 | Gauntlet | Found a transporter.
 10859 | Gauntlet | Found a transporter.
 10859 | Gauntlet | Noticed an oklob plant
 10898 | Gauntlet | Found a transporter.
 10961 | Gauntlet | Reached skill level 5 in Fighting
 11037 | Gauntlet | Identified the +2 hat of the Cockatrice {Dex+3}
 11077 | Gauntlet | Killed an oklob plant
 11083 | Gauntlet | Identified the ring "Vianeen" {rF+ rN+}
 11085 | Gauntlet | Noticed a shock serpent
 11099 | Gauntlet | Noticed a death drake
 11102 | Gauntlet | Noticed a two-headed ogre
 11103 | Gauntlet | Noticed a death drake
 11103 | Gauntlet | a two-headed ogre changed into a death drake
 11104 | Gauntlet | Noticed a shock serpent
 11104 | Gauntlet | a death drake changed into a shock serpent
 11107 | Gauntlet | a shock serpent changed into a torpor snail
 11112 | Gauntlet | Noticed a sea snake
 11112 | Gauntlet | an eye of devastation changed into a sea snake
 11117 | Gauntlet | Noticed a shock serpent
 11117 | Gauntlet | a sea snake changed into a shock serpent
 11118 | Gauntlet | a shock serpent changed into a floating eye
 11132 | Gauntlet | HP: 2/56 [shock serpent (shapeshifter)/electric aura (4)]
 11132 | Gauntlet | Killed a shock serpent
 11134 | Gauntlet | Reached skill level 5 in Evocations
 11134 | Gauntlet | Reached XP level 12. HP: 5/60 MP: 0/16
 11238 | Gauntlet | Identified the ring of the Death Scarab {Drain rF+++ rCorr
                  | Str+6}
 11276 | Gauntlet | Found the +18 shield of the Gong {rElec rN+ Will+ EV-5}
 11276 | Gauntlet | Noticed a minotaur
 11312 | Gauntlet | Killed a minotaur
 11313 | Gauntlet | Reached skill level 6 in Fighting
 11409 | Gauntlet | Identified the +1 plate armour of the Sunfish {rF+ Int+3}
 11412 | Gauntlet | Identified the +0 buckler "Hohaaxke" {Dex+4}
 11413 | Gauntlet | Got the Tome of the Gliding Compass
 11475 | D:11     | Reached skill level 1 in Shields
 11581 | D:11     | Noticed Nergalle
 11602 | D:11     | Killed Nergalle
 11632 | D:11     | Found a staircase to the Orcish Mines.
 12011 | D:12     | Noticed Josephine
 12684 | D:12     | Killed Josephine
 12745 | D:12     | Reached skill level 7 in Fighting
 12779 | D:12     | HP: 2/63 [yaktaur (12)]
 13392 | D:13     | Reached skill level 8 in Fighting
 13506 | D:13     | Reached XP level 13. HP: 69/69 MP: 17/17
 13661 | D:13     | Noticed a vault guard
 13691 | D:13     | Reached skill level 9 in Fighting
 13834 | D:13     | Killed a vault guard
 13936 | D:13     | Found a gate to the Vaults.
 14685 | D:11     | Reached skill level 5 in Armour
 14771 | D:14     | Found a shimmering altar of Xom.
 14818 | D:14     | Reached skill level 10 in Fighting
 15520 | D:14     | Reached skill level 11 in Fighting
 15786 | D:15     | Entered Level 15 of the Dungeon
 15799 | D:15     | Noticed a fire giant
 15817 | D:15     | Killed a fire giant
 15822 | D:15     | Found a staircase to the Depths.
 15916 | D:15     | Identified Roxanne's Papyrus of Earth
 15916 | D:15     | Noticed Roxanne
 15958 | D:15     | Found a stormy altar of Qazlal.
 16082 | D:15     | Identified a scroll of acquirement
 16166 | D:15     | Reached XP level 14. HP: 79/79 MP: 18/18
 16244 | D:15     | Reached skill level 12 in Fighting
 16244 | D:15     | Noticed Nessos
 16278 | D:15     | Killed Nessos
 17158 | D:9      | Killed Psyche
 17374 | D:8      | Killed Erica
 17483 | Orc:1    | Entered Level 1 of the Orcish Mines
 17816 | Orc:2    | Entered Level 2 of the Orcish Mines
 17827 | Orc:2    | Paralysed by an orc sorcerer for 5 turns
 17925 | Orc:2    | Found Wuluruuz's Jewellery Shoppe.
 18141 | Orc:1    | Found Visaaxuo's Book Emporium.
 18262 | Orc:2    | Noticed an orc warlord
 18382 | D:12     | Killed Snorg
 18493 | Depths:1 | Entered Level 1 of the Depths
 18785 | Orc:1    | Reached skill level 13 in Fighting
 19309 | Orc:2    | Killed an orc warlord
 19345 | Orc:2    | Found Xusuhest's Antique Armour Shop.
 19364 | Orc:2    | Found a transporter.
 19395 | Orc:2    | Noticed dolemite99's ghost (journeyman DsFi)
 19592 | Orc:2    | Found Ralidadgh's Antique Weapon Shop.
 19768 | Orc:2    | Found Daty's General Store.
 19770 | Orc:2    | Found a staircase to the Elven Halls.
 19809 | Orc:2    | Bought a scroll of amnesia for 49 gold pieces
 19818 | Orc:2    | Found a transporter.
 20309 | Lair:1   | Entered Level 1 of the Lair of Beasts
 21507 | Lair:2   | Found a staircase to the Snake Pit.
 22080 | Lair:3   | Reached XP level 15. HP: 87/87 MP: 19/19
 22501 | Lair:3   | Reached skill level 10 in Dodging
 22675 | Lair:3   | Found a staircase to the Swamp.
 22980 | Lair:4   | Reached skill level 14 in Fighting
 22982 | Lair:4   | Found a broken altar of Ashenzari.
 24520 | Lair:6   | Entered Level 6 of the Lair of Beasts
 24675 | Lair:6   | Reached skill level 10 in Stealth
 24935 | Lair:6   | Noticed Kirke
 24957 | Lair:6   | Killed Kirke
 25576 | Lair:6   | Found a viscous altar of Jiyva.
 25576 | Lair:6   | Found a staircase to the Slime Pits.
 26136 | Snake:1  | Entered Level 1 of the Snake Pit
 26251 | Snake:1  | Reached skill level 5 in Spellcasting
 26911 | Snake:2  | Reached XP level 16. HP: 86/93 MP: 25/28
 26980 | Snake:2  | Noticed Asterion
 26982 | Snake:2  | Noticed an Executioner
 27101 | Snake:2  | Killed Asterion
 27102 | Snake:2  | Upgraded the game from 0.28-a0-529-g3bad584f25 to
                  | 0.28-a0-533-g9f97627e2a
 27394 | Orc:2    | Gained mutation: You have sharp fingernails. [a neqoxec]
 27395 | Orc:2    | Gained mutation: Armour fits poorly on your strangely
                  | shaped body. [a neqoxec]
 27402 | Orc:2    | Gained mutation: You are weak. (Str -2) [a neqoxec]
 27407 | Orc:2    | Gained mutation: You are very weak. (Str -4) [a neqoxec]
 27442 | Orc:2    | Gained mutation: Your magical capacity is low. (-10% MP) [a
                  | neqoxec]
 27457 | Orc:2    | Acquired the ring "Bom Ocah" {Fly rPois rF++ Str+5}
 27458 | Orc:2    | Quit the game

Illustrated notes

Levels and vault maps discovered:
D:1:      dpeg_arrival_round_b, layout_basic,
          shapermc_ecumenical_altar_mp_vishouse, minmay_misc_feat_square
D:2:      layout_rooms, serial_shops, nicolae_lakefront_shop,
          minmay_joined_circles, uniq_sigmund
D:3:      layout_basic, gammafunk_ghost_split, serial_forest,
          infiniplex_forest_corner_1, infiniplex_forest_clump_medium,
          infiniplex_forest_clump_double, infiniplex_forest_straight_4,
          infiniplex_forest_3_way, infiniplex_forest_clump_double,
          infiniplex_forest_clump_curved, uniq_ijyb
D:4:      layout_loops_ring, grunt_temple_overflow_gold_and_silver,
          xom_butterflies, eat_drink_and_be_merry_uskayaw,
          nicolae_hepliaklqana_hazy_memory, grunt_ministairs_9, nrook_campfire,
          uniq_menkaure
D:5:      layout_rooms
D:6:      layout_cave_pools, nicolae_elyvilon_peaceful_grove,
          lemuel_crystal_altar, hellmonk_bongcloud_opening,
          kb_lookout_dungeons_type
D:7:      layout_basic, minmay_temple_entry_from_below_b,
          lightli_church_of_beogh, uniq_maggie
D:8:      minmay_general_purpose_star, layout_loops_ring,
          nzn_overflow_gifts_of_might_and_magic,
          nicolae_ru_the_path_less_chosen, mainiacjoe_overflow_catwalk,
          david_lair_shrubbed, grunt_ministairs_1, grunt_tough_drop, uniq_erica
D:9:      layout_roguey, tgw_kikubaaqudgha, abandoned_shop, grunt_ministairs_13,
          uniq_psyche
D:10:     layout_small_grid, mainiacjoe_overflow_alcove_1, bloody_makhleb,
          serial_shops, nicolae_take_the_stairs
D:11:     layout_roguey, orc_0_dummy, gauntlet_entry_generic, uniq_snorg,
          uniq_nergalle
D:12:     layout_stronghold, uniq_josephine
D:13:     layout_roguey, david_vaults_5
D:14:     layout_irregular_city, xom_teletrap_fun
D:15:     grunt_enter_depths_giant_problem, layout_long_grid,
          grunt_qazlal_clouds, uniq_roxanne, uniq_nessos
Lair:1:   layout_hall_layers, nicolae_lair_grove_arrangements,
          grunt_forest_small_clearings, grunt_megastairs_4
Lair:2:   layout_hall_layers, guppyfry_snake_entry_island
Lair:3:   layout_chaotic_city, swamp_mist_pool, chequers_serial_rivers_small_a,
          beast_lair_carwin_1, infiniplex_staircase_pool
Lair:4:   layout_cave_pods, basic_altar
Lair:5:   layout_regular_city, grunt_megastairs_5
Lair:6:   minmay_lair_end_frog_pond, layout_misc_corridors,
          dpeg_slime_entry_enclosed_altar, uniq_kirke
Snake:1:  layout_onion_interference
Snake:2:  layout_misc_corridors, uniq_asterion
Orc:1:    layout_caves, serial_shops, shop
Orc:2:    grunt_orc_gardens, layout_diamond_mine, grunt_orc_garden,
          grunt_orc_garden, grunt_orc_garden, grunt_orc_garden,
          gammafunk_ghost_stat_death
Depths:1: layout_cave_pools, pf_dread_powers_of_hell, tgw_sif, firewood_loft

Skill      XL: |  1  2  3  4  5  6  7  8  9 10 11 12 13 14 15 16 |
---------------+-------------------------------------------------+-----
Short Blades   | 3 4 |  4.2
Fighting       | 3 5 8 11 13 14 | 14.0
Spellcasting   | 2 7 8 |  8.0
Stealth        | 1 2 3 6 7 12 | 12.0
Slings         | 2 3 5 8 11 12 | 12.0
Armour         | 1 4 5 6 |  6.0
Dodging        | 1 4 6 7 9 10 | 10.0
Evocations     | 1 5 6 7 |  7.0
Shields        | 4 |  4.0
Fire Magic     | |  3.7

Action                   |  1- 3 |  4- 6 |  7- 9 | 10-12 | 13-15 | 16-18 || total
-------------------------+-------+-------+-------+-------+-------+-------++-------
Melee: Short sword       |    34 |    47 |       |       |       |       ||    81
       Bite              |     7 |    11 |       |       |     1 |       ||    19
       Hunting sling     |       |       |       |       |     1 |       ||     1
 Fire: Hunting sling     |       |    12 |   253 |   662 |  1714 |    64 ||  2705
 Cast: Scorch            |    31 |    33 |       |     2 |       |       ||    66
Invok: Sea of Fire       |       |       |       |     2 |       |       ||     2
       Foxfire Swarm     |       |       |       |       |     1 |       ||     1
       Rising Flame      |       |       |       |       |     1 |       ||     1
Evoke: Piece from Xom's  |       |       |     1 |       |       |       ||     1
       Wand              |       |       |       |     9 |     3 |     3 ||    15
       Condenser vane    |       |       |       |       |     1 |     1 ||     2
  Use: Scroll            |       |       |       |     8 |    10 |     1 ||    19
 Stab: Distracted        |     1 |       |       |       |       |       ||     1
       Sleeping          |       |     2 |       |       |       |       ||     2
Armor: Robe              |     8 |    10 |     7 |       |       |       ||    25
       Swamp dragon scal |       |       |     3 |    56 |   101 |    21 ||   181
Dodge: Dodged            |    27 |    27 |    19 |    77 |   240 |    81 ||   471
Block: Buckler           |       |       |       |     8 |    96 |    31 ||   135

Table legend: (Time is in decaauts)
 A = Elapsed time spent in this place.
 B = Non-inter-level travel time spent in this place.
 C = Inter-level travel time spent in this place.
 D = Time resting spent in this place.
 E = Time spent auto-exploring this place.
 F = Levels seen in this place.
 G = Mean time per level.
                   A        B        C        D        E       F      G
               +--------+--------+--------+--------+--------+-----+--------+
         Total |  26602 |  23936 |   2666 |    606 |  17951 |  27 |  985.3 |
       Dungeon |  17237 |  15132 |   2105 |    218 |  11977 |  15 | 1149.1 |
          Lair |   5416 |   5109 |    307 |     34 |   4195 |   6 |  902.7 |
     Snake Pit |    855 |    774 |     81 |     25 |    511 |   2 |  427.5 |
  Orcish Mines |   2357 |   2186 |    171 |    200 |   1152 |   2 | 1178.5 |
        Depths |     40 |     40 |      0 |      0 |     21 |   1 |   40.0 |
      Gauntlet |    694 |    694 |      0 |    128 |     94 |   1 |  694.0 |
               +--------+--------+--------+--------+--------+-----+--------+

Top non-repeatable levels by time:
     D:1: 1570 daAuts
    D:12: 1495 daAuts
    D:13: 1414 daAuts
     D:8: 1413 daAuts
     D:9: 1390 daAuts
     D:3: 1348 daAuts
   Orc:2: 1227 daAuts
    D:11: 1225 daAuts
  Lair:6: 1156 daAuts
   Orc:1: 1130 daAuts
     D:2: 1119 daAuts
    D:15: 1097 daAuts
     D:7: 1070 daAuts
    D:14: 1042 daAuts
     D:4: 1033 daAuts
